 Dungeon Crawl Stone Soup version 0.25-a0-42-g6c54e25894 (webtiles) character file.

Game seed: 1720953613143205759, levelgen mode: deterministic

15080 Acheron the Covert (level 12, -3/71 HPs)
             Began as a Gargoyle Fighter on Oct 23, 2019.
             Was a High Priest of Okawaru.
             Slain by a komodo dragon (19 damage)
             ... on level 5 of the Lair of Beasts.
             The game lasted 01:36:47 (11271 turns).

Acheron the Covert (Gargoyle Fighter)              Turns: 11271, Time: 01:36:48

Health: -3/71      AC: 25    Str: 30    XL:     12   Next: 23%
Magic:  17/18      EV: 19    Int:  7    God:    Okawaru [*****.]
Gold:   704        SH: 16    Dex: 11    Spells: 15/19 levels left

rFire    . . .     SeeInvis +   a - +2 war axe
rCold    . . .     Gourm    .   U - +0 shield
rNeg     + + +     Faith    .   b - +1 scale mail
rPois    ∞         Spirit   .   F - +1 hat of Kagem {rC- rN+++ Str+8 Int-3}
rElec    +         Reflect  +   E - +2 cloak
rCorr    +         Harm     .   N - +1 pair of gloves
MR       .....                  (no boots)
Stlth    ++++......             s - +3 amulet of reflection
HPRegen  0.21/turn              h - +5 ring of evasion
MPRegen  0.16/turn              B - ring "Qumedo Puif" {rC+ rCorr SInv}

@: heroism, studying Staves
A: negative energy resistance 1, electricity resistance, unbreathing,
petrification resistance, rot immunity, AC +8
a: Heroism, Finesse, Renounce Religion


You were on level 5 of the Lair of Beasts.
You worshipped Okawaru.
Okawaru was extremely pleased with you.
You were not hungry.

You visited 3 branches of the dungeon, and saw 18 of its levels.
You also visited: Ossuary and Gauntlet.

You collected 738 gold pieces.
You spent 34 gold pieces at shops.

Inventory:

Hand Weapons
 a - a +2 war axe (weapon)
 g - a +1 dagger of speed
   (You found it on level 1 of the Dungeon)
 k - a +0 halberd
   (You took it off a gnoll on level 11 of the Dungeon)
 m - a +1 dagger of venom
   (You took it off a kobold on level 3 of the Dungeon)
 v - a +1 whip of freezing
   (You took it off Pikel on level 4 of the Dungeon)
 P - a +2 falchion of slicing
   (You took it off an orc on level 9 of the Dungeon)
 S - a +2 short sword of venom
   (You took it off a minotaur in a Gauntlet)
 X - the +6 hand axe of Integrity {antimagic, MR+}
   (Okawaru gifted it to you on level 9 of the Dungeon)

   It reduces the magical energy of the wielder, and disrupts the spells and
   magical abilities of those hit.
   Natural abilities and divine invocations are not affected.
   It affects your resistance to hostile enchantments.
Missiles
 i - 68 stones
 n - 113 poisoned darts
 t - 29 javelins (quivered)
 A - 2 silver javelins
 H - 84 sling bullets
 O - 11 boomerangs
Armour
 b - a +1 scale mail (worn)
 l - a +0 helmet of intelligence
   (Okawaru gifted it to you on level 3 of the Lair of Beasts)
 E - a +2 cloak (worn)
   (You found it on level 6 of the Dungeon)
 F - the +1 hat of Kagem (worn) {rC- rN+++ Str+8 Int-3}
   (You found it in a Gauntlet)

   It affects your strength (+8).
   It affects your intelligence (-3).
   It makes you vulnerable to cold.
   It renders you almost immune to negative energy.
 G - the +2 helmet of Claustrophobia {+Fly Int+2 Stlth-}
   (You found it in a Gauntlet)

   It affects your intelligence (+2).
   It lets you fly.
   It makes you less stealthy.
 N - a +1 pair of gloves (worn)
   (You found it on level 10 of the Dungeon)
 T - a +2 hat of magic resistance
   (You found it in a Gauntlet)
 U - a +0 shield (worn)
Jewellery
 h - a +5 ring of evasion (left hand)
   (You found it on level 1 of the Dungeon)
 s - a +3 amulet of reflection (around neck)
   (You found it on level 4 of the Dungeon)
 y - an uncursed ring of ice
   (You found it on level 5 of the Dungeon)
 B - the ring "Qumedo Puif" (right hand) {rC+ rCorr SInv}
   (You found it on level 3 of the Lair of Beasts)

   [ring of resist corrosion]

   It protects you from cold.
   It lets you see invisible.
   It provides partial protection from all sources of acid and corrosion.
 D - an uncursed amulet of the acrobat
   (You found it on level 10 of the Dungeon)
 K - an uncursed ring of magical power
   (You found it on level 10 of the Dungeon)
Wands
 c - a wand of disintegration (19) {!d}
   (You found it in a Gauntlet)
 d - a wand of iceblast (7)
   (You found it on level 5 of the Dungeon)
 u - a wand of paralysis (8)
   (You found it on level 10 of the Dungeon)
 x - a wand of acid (3)
   (You found it on level 9 of the Dungeon)
Scrolls
 j - a scroll of fear
 r - 5 scrolls of remove curse {@r2}
 z - a scroll of teleportation {@r4}
 I - a scroll of vulnerability {!r}
 J - 4 scrolls of immolation {!r}
 Q - 2 scrolls of identify {@r1}
Potions
 f - 3 potions of curing {@q1}
 o - 3 potions of flight
 p - 2 potions of agility
 q - 4 potions of lignification {!q}
 w - 2 potions of mutation {!q}
 L - a potion of might
 R - a potion of cancellation {unknown}
 Z - a potion of resistance {unknown}
Books
 V - a manual of Staves {!d}
   (You found it in a Gauntlet)
Miscellaneous
 C - a crystal ball of energy
   (You found it in a Gauntlet)
 M - a lamp of fire
   (You found it on level 10 of the Dungeon)
 Y - a lightning rod (4/4) {!a}
   (You found it on level 9 of the Dungeon)
Comestibles
 e - 10 rations {!d}


   Skills:
 + Level 6.4(11.4) Fighting
 * Level 6.5(11.5) Axes
 + Level 4.5(9.5) Throwing
 + Level 6.5(11.5) Armour
 + Level 4.0(9.0) Dodging
 * Level 8.5(13.5) Stealth
 + Level 6.4(11.4) Shields
 * Level 4.4 Spellcasting
 + Level 2.6 Hexes
 + Level 2.8 Summonings
 + Level 2.3 Necromancy
 * Level 3.7 Translocations
 * Level 7.5 Invocations
 * Level 4.9 Evocations


You had 15 spell levels left.
You knew the following spells:

 Your Spells              Type           Power        Failure   Level  Hunger
a - Apportation           Tloc           #.....       19%         1    #......
b - Summon Small Mammal   Summ           #...         26%         1    #......
c - Confusing Touch       Hex            #.....       28%         1    #......
z - Animate Skeleton      Necr           N/A          32%         1    #......

Your spell library contained the following spells:

 Spells                   Type           Power        Failure   Level  Hunger
 Corona                   Hex            #......      28%         1    #......
 Ensorcelled Hibernation  Hex/Ice        #.....       58%         2    ###....
 Shock                    Conj/Air       #...         63%         1    #......
 Confuse                  Hex            #.......     65%         3    ###....
 Tukima's Dance           Hex            #.......     65%         3    ###....
 Swiftness                Chrm/Air       #.......     77%         2    ###....
 Dazzling Spray           Conj/Hex       #.....       82%         3    ###....
 Static Discharge         Conj/Air       #.......     94%         3    ###....
 Airstrike                Air            #.........   100%        4    #####..
 Lightning Bolt           Conj/Air       #.........   100%        5    ######.


Dungeon Overview and Level Annotations

Branches:
Dungeon (12/15)            Temple (1/1) D:4            Lair (5/6) D:9
  Swamp (0/4) Lair:4      Ossuary (visited)         Gauntlet (visited)
  Snake: Lair:2-4    Spider: Lair:2-4     Slime: Lair:5-6       Orc: D:9-12

Altars:
Ashenzari
Cheibriados
Dithmenos
Elyvilon
Fedhas
Gozag
Hepliaklqana
Kikubaaqudgha
Makhleb
Nemelex Xobeh
Okawaru
Qazlal
Ru
Sif Muna
Trog
Uskayaw
Vehumet
Wu Jian
Xom
Yredelemnul
Zin
The Shining One

Shops:
D:8 [[   D:9 *

Portals:
Trove: D:10 (give 6 potions of agility)

Annotations:
D:3 Jessica
D:12 Snorg
Lair:4 Nessos


Innate Abilities, Weirdness & Mutations

You are resistant to torment.
Your stone body is resilient. (AC +8)
You are immune to poison.
You resist negative energy. (rN+)
You are resistant to electric shocks. (rElec)
You can survive without breathing.
You are immune to petrification.
You are immune to rotting.


Message History

The dream sheep closely misses you. You block the black mamba's attack.
You hit the dream sheep. x2; You completely miss the komodo dragon.
You hit the black mamba but do no damage.
You slash the dream sheep! The black mamba barely misses you.
The dream sheep closely misses you. You block the komodo dragon's attack.
You block the dream sheep's attack. The dream sheep closely misses you.
Unknown command.
You hit the dream sheep. You slash the dream sheep! You hit the komodo dragon.
You barely miss the black mamba. You closely miss the dream sheep.
The black mamba misses you. You block the dream sheep's attack.
The black mamba misses you. You block the komodo dragon's attack.
The dream sheep closely misses you.
The dream sheep bites you but does no damage.
Unknown command.
You closely miss the dream sheep. x2; You miss the black mamba.
You hit the komodo dragon but do no damage.
You slash the dream sheep!
You kill the dream sheep!
Okawaru accepts your kill. You block the black mamba's attack.
You block the dream sheep's attack. x2
The komodo dragon bites you! The black mamba closely misses you.
You slash the dream sheep! You hit the dream sheep.
You closely miss the black mamba. You hit the komodo dragon.
You block the black mamba's attack. The dream sheep closely misses you.
You block the dream sheep's attack. You block the komodo dragon's attack.
Unknown command.
You closely miss the dream sheep. You barely miss the komodo dragon.
You hit the black mamba. You slash the dream sheep!
The black mamba completely misses you. You block the black mamba's attack.
You block the dream sheep's attack. The dream sheep barely misses you.
The komodo dragon completely misses you.
Unknown command.
You slash the dream sheep!
You kill the dream sheep!
Okawaru accepts your kill.
You barely miss the komodo dragon. You barely miss the black mamba.
Your shield and scale mail prevent you from hitting the dream sheep.
You block the black mamba's attack. The dream sheep misses you.
You block the black mamba's attack. The komodo dragon bites you!!
* * * LOW HITPOINT WARNING * * *
You hit the dream sheep.
You kill the dream sheep!
Okawaru accepts your kill.
You slash the komodo dragon! You slice the black mamba!!
The black mamba bites you but does no damage.
You block the komodo dragon's attack.
You closely miss the black mamba. You closely miss the komodo dragon.
The black mamba completely misses you. The black mamba misses you.
The komodo dragon bites you!!
You die...

..........
....(... ####
.....P.
#...##....P
...P......#
..........##
#...†...#...
#..@(......
#.PSl.....##
..........PP...
..........>....
......?........
...............
.....$.........
..#.##.........


You could see a komodo dragon and a black mamba.

Vanquished Creatures
  A minotaur (Gauntlet)
  A great orb of eyes (Gauntlet)
  A hell beast (Gauntlet)
  3 death yaks (D:9)
  A two-headed ogre (D:6)
  A sixfirhy (Gauntlet)
  Pikel (D:4)
  3 spiny frogs
  A komodo dragon (Lair:1)
  3 dream sheep (Lair:5)
  A hippogriff (D:4)
  A blink frog (Lair:1)
  A spriggan (D:7)
  4 yaks
  A wyvern (D:8)
  A soldier ant (Lair:3)
  A hell hound (Gauntlet)
  5 water moccasins
  3 orc warriors (D:9)
  2 porcupines
  3 ice beasts
  A sky beast (D:8)
  4 ogres
  2 phantoms
  6 wolves (Lair:3)
  4 crocodiles
  4 centaurs
  7 bullfrogs
  2 big kobolds
  2 scorpions
  A howler monkey (D:3)
  3 crimson imps
  A bullfrog zombie (D:8)
  A jelly (D:5)
  3 hounds
  2 human zombies (Ossuary)
  2 centaur zombies
  5 orc priests
  2 bullfrog skeletons
  2 iguanas
  4 orc wizards (D:9)
  8 worker ants
  A killer bee zombie (D:8)
  A hound skeleton (D:7)
  3 mummies (Ossuary)
  A worker ant zombie (D:5)
  6 gnolls
  12 adders
  2 shadow imps
  4 ufetubi (Gauntlet)
  An ooze (D:1)
  An adder skeleton (D:8)
  3 worms
  4 dart slugs
  4 leopard geckos
  20 orcs
  A ball python (D:6)
  9 giant cockroaches
  2 gnoll zombies (Ossuary)
  4 goblins
  7 hobgoblins
  13 jackals
  2 quokkas
  7 bats
  6 frilled lizards
  2 goblin zombies (Ossuary)
  A hobgoblin zombie (Ossuary)
  10 kobolds
  An orc zombie (Ossuary)
  2 quokka zombies
  A rat (D:1)
236 creatures vanquished.

Vanquished Creatures (collateral kills)
  A black mamba (Lair:3)
  2 blink frogs (Lair:1)
  5 yaks
  2 water moccasins (Lair:1)
  A soldier ant (Lair:3)
  An orc warrior (D:9)
  An ogre (D:9)
  2 bullfrogs
  An electric eel (Lair:3)
  A crimson imp (D:10)
  A hound (D:9)
  2 orc wizards (D:9)
  An iguana (D:10)
  A shadow imp (D:10)
  An orc (D:9)
23 creatures vanquished.

Vanquished Creatures (others)
  A centaur (D:9)
  An adder (D:4)
  A leopard gecko (D:4)
  A jackal (D:4)
  A quokka (D:4)
  5 demonic plants (Gauntlet)
  5 fungi
  2 plants (Lair:5)
  23 withered plants (Gauntlet)
40 creatures vanquished.

Grand Total: 299 creatures vanquished

Notes
Turn   | Place    | Note
-------+----------+-------------------------------------------
     0 | D:1      | Acheron the Gargoyle Fighter began the quest for the Orb.
     0 | D:1      | Reached XP level 1. HP: 14/14 MP: 1/1
   176 | D:1      | Reached XP level 2. HP: 19/19 MP: 2/2
   226 | D:1      | Reached skill level 1 in Stealth
   474 | D:1      | Reached XP level 3. HP: 23/23 MP: 3/3
   737 | D:2      | Found a hazy altar of Hepliaklqana.
   737 | D:2      | Found a sacrificial altar of Ru.
   905 | D:2      | Reached skill level 2 in Stealth
  1089 | D:2      | Reached XP level 4. HP: 28/28 MP: 4/4
  1508 | D:4      | Found a staircase to the Ecumenical Temple.
  1512 | D:4      | Noticed a phantom
  1516 | Temple   | Entered the Ecumenical Temple
  1521 | Temple   | Reached skill level 1 in Throwing
  1521 | Temple   | Reached skill level 1 in Dodging
  1521 | Temple   | Reached XP level 5. HP: 33/33 MP: 5/5
  1699 | Temple   | Became a worshipper of Warmaster Okawaru
  1748 | D:4      | Killed a phantom
  1748 | D:4      | Reached skill level 3 in Stealth
  2021 | D:3      | Reached XP level 6. HP: 38/38 MP: 7/7
  2092 | D:3      | Noticed Jessica
  2098 | D:3      | Reached skill level 1 in Spellcasting
  2134 | D:4      | Noticed a slave
  2134 | D:4      | Noticed Pikel
  2135 | D:4      | Noticed a slave
  2137 | D:4      | Noticed a slave
  2149 | D:4      | Noticed a slave
  2175 | D:4      | Killed Pikel
  2175 | D:4      | Reached * piety under Okawaru
  2175 | D:4      | Reached skill level 4 in Stealth
  2175 | D:4      | Reached XP level 7. HP: 19/43 MP: 7/9
  2210 | D:4      | Found a shadowy altar of Dithmenos.
  2211 | D:4      | Found a snail-covered altar of Cheibriados.
  2211 | D:4      | Found a sparkling altar of Nemelex Xobeh.
  2212 | D:4      | Found a blossoming altar of Fedhas.
  2223 | D:4      | Noticed a hippogriff
  2241 | D:4      | Killed a hippogriff
  2241 | D:4      | Reached ** piety under Okawaru
  2241 | D:4      | Reached XP level 8. HP: 23/48 MP: 10/10
  2454 | D:5      | Entered Level 5 of the Dungeon
  2849 | D:5      | Reached skill level 5 in Stealth
  3123 | D:5      | Found a sand-covered staircase.
  3144 | Ossuary  | Entered an ossuary
  3688 | D:5      | Reached *** piety under Okawaru
  3974 | D:6      | Reached skill level 1 in Evocations
  3974 | D:6      | Reached XP level 9. HP: 34/53 MP: 12/12
  4198 | D:6      | Reached skill level 5 in Fighting
  4403 | D:6      | Reached skill level 5 in Armour
  4672 | D:6      | Noticed a two-headed ogre
  4680 | D:6      | Killed a two-headed ogre
  4680 | D:6      | Received a gift from Okawaru
  4680 | D:6      | Reached skill level 6 in Stealth
  4680 | D:6      | Reached skill level 5 in Shields
  5049 | D:6      | Learned a level 1 spell: Apportation
  5051 | D:6      | Learned a level 1 spell: Animate Skeleton
  5053 | D:6      | Learned a level 1 spell: Confusing Touch
  5055 | D:6      | Learned a level 1 spell: Summon Small Mammal
  5137 | D:7      | Reached **** piety under Okawaru
  5455 | D:7      | Reached skill level 5 in Invocations
  5803 | D:8      | Reached skill level 5 in Axes
  5832 | D:8      | Reached XP level 10. HP: 59/59 MP: 14/14
  5951 | D:8      | Found Nenidgh's Antique Armour Emporium.
  6051 | D:8      | Reached skill level 1 in Translocations
  6225 | D:8      | Found Umolug's Armour Boutique.
  6530 | D:8      | Found an iron altar of Okawaru.
  6594 | D:9      | Found a staircase to the Lair.
  6594 | D:9      | Noticed a death yak
  6595 | D:9      | Noticed a death yak
  6608 | D:9      | Noticed a death yak
  6621 | D:10     | Entered Level 10 of the Dungeon
  6636 | D:10     | Found a shimmering altar of Xom.
  6636 | D:10     | Found a shimmering altar of Xom.
  6648 | D:10     | Reached skill level 1 in Hexes
  6878 | D:12     | Noticed Snorg
  6937 | D:11     | Noticed a two-headed ogre
  6950 | D:10     | Reached skill level 1 in Summonings
  7229 | D:10     | Reached skill level 1 in Necromancy
  7253 | D:10     | Found a portal to a secret trove of treasure.
  7547 | D:10     | Reached skill level 7 in Stealth
  7751 | D:9      | Reached ***** piety under Okawaru
  7956 | D:9      | Killed a death yak
  8133 | D:9      | Killed a death yak
  8133 | D:9      | Received a gift from Okawaru
  8133 | D:9      | Reached XP level 11. HP: 10/64 MP: 14/16
  8138 | D:9      | Killed a death yak
  8365 | D:9      | Got a jewelled hand axe {god gift}
  8383 | D:9      | Found Liavuhira's General Store.
  8461 | D:9      | Found an opulent altar of Gozag.
  8743 | D:9      | Bought a scroll of identify for 34 gold pieces
  8837 | D:9      | Identified the +6 hand axe of Integrity {antimagic, MR+}
                  | (Okawaru gifted it to you on level 9 of the Dungeon)
  8846 | Lair:1   | Entered Level 1 of the Lair of Beasts
  9145 | Lair:1   | Received a gift from Okawaru
  9214 | Lair:1   | Noticed a five-headed hydra
  9260 | Lair:3   | Received a gift from Okawaru
  9277 | Lair:3   | Reached skill level 8 in Stealth
  9387 | Lair:3   | Got a flickering brass ring
  9396 | Lair:3   | Identified the ring "Qumedo Puif" {rC+ rCorr SInv} (You
                  | found it on level 3 of the Lair of Beasts)
  9455 | Lair:3   | You fall into a shaft and drop 2 floors!
  9469 | Lair:5   | Noticed a death yak
  9469 | Lair:5   | Noticed a death yak
  9469 | Lair:5   | Noticed a death yak
  9493 | Lair:5   | Noticed a death yak
  9610 | Lair:4   | Noticed Nessos
  9634 | Lair:3   | Found a gate leading to a gauntlet.
  9642 | Gauntlet | Entered a Gauntlet
  9642 | Gauntlet | Found a transporter.
  9642 | Gauntlet | Found a transporter.
  9646 | Gauntlet | Noticed a sixfirhy
  9647 | Gauntlet | Found a transporter.
  9663 | Gauntlet | Found a transporter.
  9867 | Gauntlet | Noticed a great orb of eyes
  9867 | Gauntlet | Noticed a purple ugly thing
  9872 | Gauntlet | Found a transporter.
  9876 | Gauntlet | Noticed a purple ugly thing
  9881 | Gauntlet | Found a transporter.
  9896 | Gauntlet | Noticed a hell beast
  9899 | Gauntlet | Found a transporter.
  9972 | Gauntlet | Found a transporter.
  9987 | Gauntlet | Found a transporter.
 10000 | Gauntlet | Noticed a catoblepas
 10001 | Gauntlet | Found a transporter.
 10014 | Gauntlet | Found a transporter.
 10112 | Gauntlet | Found a transporter.
 10112 | Gauntlet | Found a transporter.
 10121 | Gauntlet | Noticed a balrug
 10122 | Gauntlet | Found a transporter.
 10126 | Gauntlet | Found a transporter.
 10132 | Gauntlet | Found a transporter.
 10262 | Gauntlet | Killed a sixfirhy
 10337 | Gauntlet | Got a crude hat
 10341 | Gauntlet | Paralysed by a great orb of eyes for 6 turns
 10366 | Gauntlet | Killed a great orb of eyes
 10627 | Gauntlet | Reached XP level 12. HP: 34/70 MP: 12/18
 10635 | Gauntlet | Killed a hell beast
 10637 | Gauntlet | Got a heavily runed helmet
 10870 | Gauntlet | Identified the +2 helmet of Claustrophobia {+Fly Int+2
                  | Stlth-} (You found it in a Gauntlet)
 10871 | Gauntlet | Identified the +1 hat of Kagem {rC- rN+++ Str+8 Int-3} (You
                  | found it in a Gauntlet)
 10900 | Gauntlet | Noticed a minotaur
 10914 | Gauntlet | Killed a minotaur
 11239 | Lair:4   | Noticed a six-headed hydra
 11242 | Lair:4   | Noticed an eight-headed hydra
 11248 | Lair:4   | Found a staircase to the Swamp.
 11271 | Lair:5   | Slain by a komodo dragon

Levels and vault maps discovered:
D:1:      roderic_chinese_lattice_arrival, layout_basic
D:2:      layout_loops_ring, gammafunk_temple_overflow_elements
D:3:      layout_basic, first_ration, uniq_jessica
D:4:      layout_basic, chequers_temple_overflow_statue_of_worship,
          minmay_temple_entry_trees, uniq_pikel
D:5:      layout_rooms, nicolae_ossuary_entry_ruins, serial_bayou,
          serial_bayou_pond_e, serial_bayou_shore_b, serial_bayou_lagoon_b,
          serial_bayou_pond_b
D:6:      layout_basic, serial_aquarium, aquarium_bridge_square
          [aquarium_subvault_balcony, aquarium_subvault_wall,
          aquarium_subvault_bridge, aquarium_subvault_bridge],
          aquarium_window_1, aquarium_window_1, aquarium_window_corridor_1,
          aquarium_window_fake, aquarium_view_2c, aquarium_view_2g
D:7:      layout_gridville, gammafunk_ghost_nasty_kobolds, amethyst_killhole,
          the_bakery, hangedman_abyss_or_decor_stagger
D:8:      layout_basic, serial_shops, shop_statue,
          nicolae_shop_overgrown_old_shop, hangedman_abyss_or_decor_stabs,
          kennysheep_okawaru_gauntlet
D:9:      layout_basic, dpeg_lair_monsters, serial_shops, kennysheep_mini,
          basic_altar
D:10:     layout_layer_cave, enter_trove_3, xom_redecorated
D:11:     layout_basic
D:12:     layout_basic, erik_orc_3, uniq_snorg
Temple:   regret_index_temple_sphere_string
Lair:1:   layout_regular_city, grunt_megastairs_5, minmay_lair_oklob_chamber
Lair:2:   layout_regular_city, infiniplex_staircase_pool_2, grunt_megastairs_2,
          lemuel_fruit_fields, lemuel_fruit_tree
Lair:3:   layout_roguey, gauntlet_entry_generic, gammafunk_ghost_cemetery,
          nicolae_quartered_pool_little, minivault_29, uniq_fannar
Lair:4:   layout_regular_city, minmay_swamp_entry_reptiles,
          minmay_snake_entry_guardpost_small, minmay_lindwurm_lava, uniq_nessos,
          uniq_josephine
Lair:5:   layout_regular_city, slime_altar_1, lemuel_fruit_fields,
          grunt_megastairs_4

Skill      XL: |  1  2  3  4  5  6  7  8  9 10 11 12 |
---------------+-------------------------------------+-----
Stealth        | 1 2 3 4 5 6 7 8 |  8.5
Axes           | 2 3 4 5 6 |  6.5
Throwing       | 1 2 3 4 |  4.5
Dodging        | 1 2 3 4 |  4.0
Spellcasting   | 1 2 3 4 |  4.4
Armour         | 4 5 6 |  6.5
Fighting       | 4 5 6 |  6.4
Shields        | 4 5 6 |  6.4
Invocations    | 2 4 5 6 7 |  7.5
Evocations     | 1 2 3 4 |  4.9
Translocations | 2 3 |  3.7
Hexes          | 1 2 |  2.6
Summonings     | 1 2 |  2.8
Necromancy     | 1 2 |  2.3

Action                   |  1- 3 |  4- 6 |  7- 9 | 10-12 || total
-------------------------+-------+-------+-------+-------++-------
Melee: War axe           |   111 |   121 |   348 |   516 ||  1096
Throw: Dart              |       |       |     7 |    11 ||    18
       Javelin           |       |       |     8 |     4 ||    12
       Stone             |       |       |     1 |       ||     1
 Cast: Animate Skeleton  |       |       |       |    19 ||    19
       Summon Small Mamm |       |       |       |     3 ||     3
       Confusing Touch   |       |       |       |     1 ||     1
Invok: Heroism           |       |       |       |    11 ||    11
       Finesse           |       |       |       |     3 ||     3
Evoke: Wand              |       |       |     2 |     5 ||     7
  Use: Scroll            |     6 |     5 |    15 |    12 ||    38
       Potion            |       |     1 |     2 |     7 ||    10
 Stab: Sleeping          |       |       |     1 |     4 ||     5
       Distracted        |       |       |       |     2 ||     2
  Eat: Chunk             |     1 |     3 |     6 |     6 ||    16
       Ration            |       |       |     2 |     4 ||     6
Armor: Scale mail        |    76 |    58 |   109 |   207 ||   450
Dodge: Dodged            |    43 |    75 |   175 |   317 ||   610
Block: Shield            |    56 |    71 |   199 |   455 ||   781
       Reflection        |       |       |     4 |    12 ||    16

Table legend:
 A = Non-vault XP
 B = Vault XP
 C = Vault XP percentage of total XP
 D = Non-vault monster count
 E = Vault monster count
 F = Vault count percentage of total count
                 A         B        C        D         E       F
            +---------+---------+-------+---------+---------+-------
      Total |   12787 |    8757 |  40.6 |     225 |      35 |  13.5
            +---------+---------+-------+---------+---------+-------
        D:1 |      41 |       0 |   0.0 |      20 |       0 |   0.0
        D:2 |      51 |       0 |   0.0 |      16 |       0 |   0.0
        D:3 |     122 |       0 |   0.0 |      23 |       0 |   0.0
        D:4 |     509 |     673 |  56.9 |      15 |       1 |   6.2
        D:5 |     654 |      31 |   4.5 |      17 |       3 |  15.0
        D:6 |    1343 |       0 |   0.0 |      16 |       0 |   0.0
        D:7 |     389 |     215 |  35.6 |       7 |       1 |  12.5
        D:8 |    1115 |       0 |   0.0 |      21 |       0 |   0.0
        D:9 |    1788 |    3103 |  63.4 |      32 |       8 |  20.0
       D:10 |     886 |       0 |   0.0 |      16 |       0 |   0.0
       D:11 |     235 |       0 |   0.0 |       7 |       0 |   0.0
       D:12 |       2 |       0 |   0.0 |       1 |       0 |   0.0
     Temple |      43 |       0 |   0.0 |       1 |       0 |   0.0
     Lair:1 |    1721 |       0 |   0.0 |      11 |       0 |   0.0
     Lair:2 |     145 |       0 |   0.0 |       1 |       0 |   0.0
     Lair:3 |    2545 |     301 |  10.6 |      17 |       2 |  10.5
     Lair:4 |     433 |       0 |   0.0 |       1 |       0 |   0.0
     Lair:5 |     765 |       0 |   0.0 |       3 |       0 |   0.0
    Ossuary |       0 |     150 | 100.0 |       0 |      11 | 100.0
   Gauntlet |       0 |    4284 | 100.0 |       0 |       9 | 100.0
            +---------+---------+-------+---------+---------+-------
